[Event "2nd Kalyan Dombivali 2019"]
[Site "Kalyan"]
[Date "2019.01.31"]
[Round "5"]
[White "Yadav Aakashkumar"]
[Black "Nehete Akshay S"]
[Result "0-1"]
[ECO "E97"]
[WhiteElo "1381"]
[BlackElo "1788"]
[Annotator "NA"]
[PlyCount "134"]
[EventDate "2019.01.28"]
[EventType "swiss"]
[EventRounds "10"]
[EventCountry "IND"]
[SourceTitle "playchess.com"]
[Source "ChessBase"]
[SourceQuality "1"]
[TimeControl "5400+30"]

1. Nf3 Nf6 2. d4 g6 3. c4 Bg7 4. Nc3 O-O 5. e4 d6 6. Be2 e5 7. O-O Nc6 8. d5 Ne7 9. b4 a5 10. Ba3 axb4 11. Bxb4 Nd7 12. a4 h6 13. Ba3 Nf6 14. Bb4 Nd7 15. Nd2 f5 16. f3 c5 17. Ba3 Rf7 18. Bc1 f4 19. Nb3 g5 20. g4 Bf8 21. Bd2 Rh7 22. Rf2 Ng6 23. h3 Be7 24. Be1 Nf6 25. Rg2 Kf7 26. Nb5 h5 27. Rh2 Qh8 28. Nc7 hxg4 29. fxg4 Rb8 30. Ne6 Bxe6 31. dxe6+ Kg7 32. Qd3 Rh6 33. Ra2 Qh7 34. Bf1 Nh4 35. Bg2 Nxg2 36. Raxg2 Qxe4 37. Qxe4 Nxe4 38. Re2 Nf6 39. Na5 Ne8 40. Rb2 Rxe6 41. Nxb7 Ra8 42. Ra2 e4 43. a5 Nc7 44. Bc3+ Bf6 45. Bxf6+ Kxf6 46. h4 gxh4 47. Rxh4 Na6 48. Rh6+ Ke5 49. Rxe6+ Kxe6 50. Rd2 Ra7 51. Rxd6+ Kf7 52. Rb6 Ke7 53. Kf2 Ra8 54. Nd6 e3+ 55. Kf3 Nb4 56. Nf5+ Kf7 57. g5 Rd8 58. g6+ Kg8 59. g7 Nd3 60. Re6 Kf7 61. Re4 Kf6 62. Nd4 cxd4 63. Rxd4 Ne5+ 64. Ke2 Rxd4 65. g8=Q Rd2+ 66. Kf1 Rf2+ 67. Kg1 Nf3+ 0-1

[Event "2nd Kalyan Dombivali 2019"]
[Site "Kalyan"]
[Date "2019.01.31"]
[Round "5"]
[White "Vaval Aaditi"]
[Black "Shreyas Ghadi"]
[Result "0-1"]
[ECO "C02"]
[WhiteElo "1367"]
[BlackElo "1653"]
[Annotator "NA"]
[PlyCount "50"]
[EventDate "2019.01.28"]
[EventType "swiss"]
[EventRounds "10"]
[EventCountry "IND"]
[SourceTitle "playchess.com"]
[Source "ChessBase"]
[SourceQuality "1"]
[TimeControl "5400+30"]

1. e4 e6 2. d4 d5 3. e5 c5 4. c3 Nc6 5. Nf3 Bd7 6. a3 f6 7. b4 c4 8. g3 fxe5 9. dxe5 Nge7 10. Be3 Ng6 11. Bd4 Nxd4 12. Qxd4 Ne7 13. h4 a5 14. Qd1 axb4 15. cxb4 Nc6 16. Nc3 Qb8 17. Bh3 Rxa3 18. Rxa3 Bxb4 19. Ra2 Bxc3+ 20. Kf1 O-O 21. Kg2 h6 22. Rc2 Ba5 23. Re2 b5 24. Qa1 Qb6 25. Rb1 Rxf3 0-1

[Event "2nd Kalyan Dombivali 2019"]
[Site "Kalyan"]
[Date "2019.01.31"]
[Round "5"]
[White "Bagwe Suneet"]
[Black "Govind Prabhu Mah"]
[Result "0-1"]
[ECO "C06"]
[WhiteElo "1305"]
[BlackElo "1601"]
[Annotator "NA"]
[PlyCount "102"]
[EventDate "2019.01.28"]
[EventType "swiss"]
[EventRounds "10"]
[EventCountry "IND"]
[SourceTitle "playchess.com"]
[Source "ChessBase"]
[SourceQuality "1"]
[TimeControl "5400+30"]

1. e4 e6 2. d4 d5 3. Nd2 Nf6 4. e5 Nfd7 5. Bd3 c5 6. c3 Nc6 7. Ne2 cxd4 8. cxd4 Qb6 9. Nf3 f6 10. exf6 Nxf6 11. O-O Bd6 12. b3 O-O 13. Bb2 Ng4 14. h3 Rxf3 15. gxf3 Nh2 16. f4 Nxf1 17. Qxf1 Bd7 18. Qg2 Rf8 19. f5 Qd8 20. Kh1 Qf6 21. Rg1 exf5 22. Qxd5+ Kh8 23. Qg2 Nb4 24. Bb1 Bc6 25. d5 Qxb2 26. dxc6 Nxc6 27. Ng3 g6 28. h4 Qd4 29. h5 Qh4+ 30. Qh2 Qxh2+ 31. Kxh2 Bxg3+ 32. Kxg3 Kg7 33. Kf4 Kf6 34. hxg6 hxg6 35. a3 Rd8 36. Ke3 g5 37. f3 Re8+ 38. Kf2 Nd4 39. Re1 Rxe1 40. Kxe1 Nxf3+ 41. Kf2 Nd4 42. b4 f4 43. Be4 b6 44. a4 g4 45. a5 b5 46. Bd3 Ke5 47. Kg2 a6 48. Kf2 Nc6 49. Be2 g3+ 50. Kg2 Nxb4 51. Bf3 Nd5 0-1

[Event "2nd Kalyan Dombivali 2019"]
[Site "Kalyan"]
[Date "2019.01.31"]
[Round "5"]
[White "Kadam Omkar R"]
[Black "Akshit Jha"]
[Result "0-1"]
[ECO "D10"]
[WhiteElo "1305"]
[BlackElo "1604"]
[Annotator "NA"]
[PlyCount "116"]
[EventDate "2019.01.28"]
[EventType "swiss"]
[EventRounds "10"]
[EventCountry "IND"]
[SourceTitle "playchess.com"]
[Source "ChessBase"]
[SourceQuality "1"]
[TimeControl "5400+30"]

1. d4 d5 2. c4 c6 3. Nc3 Nf6 4. cxd5 cxd5 5. Bg5 Nc6 6. Nf3 e6 7. e3 Bd6 8. Bd3 h6 9. Bh4 O-O 10. a3 Be7 11. O-O Bd7 12. Rc1 Rc8 13. b4 Ne8 14. Bg3 Nd6 15. Bb1 Nc4 16. Bd3 Nd6 17. Bb1 Nc4 18. Bd3 Nd6 19. Bb1 Nc4 20. Qd3 f5 21. Ne2 a5 22. b5 Na7 23. a4 Bb4 24. Ne5 Nxe5 25. Bxe5 Be8 26. Rxc8 Nxc8 27. Rc1 Nd6 28. Nf4 Bf7 29. Ba2 Qd7 30. Bb3 Rc8 31. Rxc8+ Qxc8 32. Bxd6 Bxd6 33. Ne2 Bb4 34. Qc2 Qxc2 35. Bxc2 g5 36. Nc1 Bd6 37. b6 Be8 38. Nd3 Bc6 39. Kf1 Be7 40. Nc5 Kf7 41. Nb3 Bxa4 42. Nxa5 Bxc2 43. Nxb7 Bd3+ 44. Ke1 Ba6 45. Nc5 Bxc5 46. dxc5 Ke7 47. Kd2 Kd7 48. Kc3 Kc6 49. Kd4 Bc8 50. Ke5 Kxc5 51. b7 Bxb7 52. Kxe6 Bc8+ 53. Ke5 f4 54. g3 fxe3 55. fxe3 Kc4 56. h4 gxh4 57. gxh4 h5 58. Kf4 Kd3 0-1

[Event "2nd Kalyan Dombivali 2019"]
[Site "Kalyan"]
[Date "2019.02.01"]
[Round "6"]
[White "Snehal, Bhosale"]
[Black "Saranya, J."]
[Result "1-0"]
[ECO "E38"]
[WhiteElo "2135"]
[BlackElo "2094"]
[Annotator "RC"]
[PlyCount "54"]
[EventDate "2019.01.28"]
[EventType "swiss"]
[EventRounds "10"]
[EventCountry "IND"]
[SourceTitle "playchess.com"]
[Source "ChessBase"]
[SourceQuality "1"]
[TimeControl "5400+30"]

1. d4 Nf6 2. c4 e6 3. Nc3 Bb4 4. Qc2 c5 5. dxc5 Qa5 6. Bd2 Qxc5 7. e3 d5 8. a3 Bxc3 9. Bxc3 dxc4 10. Bxf6 gxf6 11. Bxc4 Nc6 12. b4 Qb6 13. Nf3 Bd7 14. O-O Ne5 15. Nxe5 fxe5 16. Qe4 f6 17. Rfd1 O-O-O 18. a4 Bxa4 19. Rdc1 Bc6 20. Qh4 Kb8 21. Qxf6 Rhg8 22. Bf1 Qxb4 23. Qxe5+ Qd6 24. Qa5 a6 25. Rcb1 Be4 26. Rc1 Rg6 27. Rd1 Rgg8 1-0

[Event "2nd Kalyan Dombivali 2019"]
[Site "Kalyan"]
[Date "2019.02.01"]
[Round "6"]
[White "Satkar, Chirag"]
[Black "Vedant Nitin vekhande"]
[Result "1/2-1/2"]
[ECO "A52"]
[WhiteElo "2071"]
[BlackElo "1564"]
[Annotator "NA RC"]
[PlyCount "70"]
[EventDate "2019.01.28"]
[EventType "swiss"]
[EventRounds "10"]
[EventCountry "IND"]
[SourceTitle "playchess.com"]
[Source "ChessBase"]
[SourceQuality "1"]
[TimeControl "5400+30"]

1. d4 Nf6 2. c4 e5 3. dxe5 Ng4 4. Nf3 Nc6 5. Bf4 Bb4+ 6. Nbd2 Qe7 7. a3 Ngxe5 8. Nxe5 Nxe5 9. e3 Bxd2+ 10. Qxd2 O-O (10... d6 11. Be2 {½-½ (48) Sargsyan,S (2463)-Gadimbayli,A (2419) Konya 2018}) 11. Be2 d6 12. O-O b6 13. b4 $146 ({Predecessor:} 13. Rac1 Bb7 {½-½ (30) Belistri,U (2010)-Escofet Fernandez,J (2070) Montevideo 2013}) 13... Bb7 14. Rac1 {[%emt 0:00:10] A52: Budapest Gambit} c5 (14... Rad8 15. Qb2 Ng6 16. Bg3 Nh4 17. Bxh4 Qxh4 18. Rfd1 Qg5 19. Bf1 Rfe8 20. a4 h5 21. c5 dxc5 22. Rxd8 Rxd8 23. bxc5 {½-½ (48) Sargsyan,S (2463)-Gadimbayli,A (2419) Konya 2018}) 15. Rfd1 Rfd8 16. Qc3 ({Predecessor:} 16. Qb2 Rac8 17. Rd2 Ng6 18. Bg3 Nh4 19. Bf1 Nf5 20. Qb1 Be4 21. Bd3 Nxg3 22. hxg3 {½-½ (30) Belistri,U (2010)-Escofet Fernandez,J (2070) Montevideo 2013}) 16... Ng6 17. Bg3 Rac8 18. Bg4 Rb8 19. Rd2 Ne5 20. Be2 f6 21. Rcd1 Nf7 22. b5 f5 23. Qc2 Qe6 24. Bd3 g6 25. Bh4 Rd7 26. Qc3 Re8 27. Qf6 Ne5 28. Qxe6+ Rxe6 29. Be2 Kf7 30. a4 a5 31. h3 Ke8 32. Bg3 Ke7 33. Bh4+ Ke8 34. Bg3 Ke7 35. Bh4+ $11 Ke8 1/2-1/2

[Event "2nd Kalyan Dombivali 2019"]
[Site "Kalyan"]
[Date "2019.02.01"]
[Round "6"]
[White "Kadam Om Manish"]
[Black "Kshatriya Nitin Vekhande"]
[Result "1-0"]
[ECO "B78"]
[WhiteElo "1944"]
[BlackElo "1544"]
[Annotator "NA RC"]
[PlyCount "119"]
[EventDate "2019.01.28"]
[EventType "swiss"]
[EventRounds "10"]
[EventCountry "IND"]
[SourceTitle "playchess.com"]
[Source "ChessBase"]
[SourceQuality "1"]
[TimeControl "5400+30"]

1. e4 c5 2. Nf3 d6 3. d4 cxd4 4. Nxd4 Nf6 5. Nc3 g6 6. Be3 Bg7 7. f3 O-O ({Predecessor:} 7... Nc6 8. Qd2 {1-0 (52) Nemeth,G (1987)-Palla,A (2049) Balatonlelle 2013}) 8. Qd2 Nc6 9. Bc4 Bd7 10. O-O-O $146 (10. Bb3 Rc8 {1-0 (46) Vachier Lagrave,M (2703)-Kasimdzhanov,R (2672) San Sebastian 2009}) 10... Rc8 11. Bb3 Ne5 12. Kb1 Re8 13. g4 {[%emt 0:07:18] B78: Sicilian Dragon: Yugoslav Attack, 9 Bc4 Bd7 10 0-0-0 Rc8} (13. a3 $14) (13. h4 h5 14. g4 hxg4 15. h5 Nxh5 16. Bh6 e6 17. Rdg1 g3 18. Rxh5 gxh5 19. Rxg3 Ng6 20. Nf5 Bf6 21. Nxd6 {1-0 (46) Vachier Lagrave,M (2703)-Kasimdzhanov,R (2672) San Sebastian 2009}) 13... b5 $1 14. g5 Nh5 (14... b4 $11 {remains equal.} 15. Ncb5 (15. gxf6 bxc3 16. fxe7 Qxe7 $15) 15... Nh5) 15. Ncxb5 Bxb5 16. Nxb5 Rb8 ({Predecessor:} 16... a6 17. Nd4 Qc7 18. Qe2 Nc4 19. Bxc4 Qxc4 20. Qxc4 Rxc4 {1-0 (52) Nemeth,G (1987)-Palla,A (2049) Balatonlelle 2013}) 17. Nd4 ({White should try} 17. Qe2 $18) 17... Qc7 18. Qe2 a5 (18... Rec8 $16 {is a better defense.}) 19. Nb5 Qc6 20. a4 Rf8 21. f4 Qxe4 $2 (21... Nd7 {was worth a try.} 22. Bd5 Qc8) 22. fxe5 Qxe5 23. c3 Kh8 24. Rhe1 f5 25. gxf6 Bxf6 26. Bd4 Qxe2 27. Bxf6+ Rxf6 28. Rxe2 e5 29. Rxd6 Rxd6 30. Nxd6 Rxb3 31. Nb5 Nf4 32. Rd2 e4 33. Kc2 $18 Rxb5 34. axb5 Ne6 35. b6 Nc5 36. Rd8+ Kg7 37. b7 Nxb7 38. Rd7+ Kf6 39. Rxb7 h5 40. Rb5 g5 41. c4 h4 42. Rd5 g4 43. c5 g3 44. hxg3 hxg3 45. c6 g2 46. Rd1 Ke7 47. c7 g1=Q 48. Rxg1 Kd7 49. Rg7+ Kc8 50. Kd2 a4 51. Ke3 a3 52. bxa3 Kb7 53. Kxe4 Kc8 54. a4 Kb7 55. a5 Kc8 56. Rh7 Kb7 57. a6+ Kxa6 58. c8=Q+ Kb6 59. Rb7+ Ka6 60. Qa8# 1-0

[Event "2nd Kalyan Dombivali 2019"]
[Site "Kalyan"]
[Date "2019.02.01"]
[Round "6"]
[White "Vijay, Anand M."]
[Black "Awade Pradeep"]
[Result "1-0"]
[ECO "B06"]
[WhiteElo "1841"]
[BlackElo "1538"]
[Annotator "NA RC"]
[PlyCount "109"]
[EventDate "2019.01.28"]
[EventType "swiss"]
[EventRounds "10"]
[EventCountry "IND"]
[SourceTitle "playchess.com"]
[Source "ChessBase"]
[SourceQuality "1"]
[TimeControl "5400+30"]

1. e4 g6 2. d4 Bg7 3. Nc3 d6 4. Be3 Nf6 5. Qd2 c6 6. f3 b5 7. h4 h5 8. O-O-O Qa5 9. Kb1 a6 10. Bd3 Be6 11. Nd5 ({White should play} 11. a3 $16) 11... Qxd2 12. Nxf6+ Bxf6 13. Rxd2 Bc4 14. g3 Nd7 15. Nh3 O-O 16. Bg5 Bxd3 17. Rxd3 Rfc8 18. g4 hxg4 19. fxg4 Bxg5 20. Nxg5 c5 21. h5 f6 22. Ne6 g5 23. dxc5 Kf7 24. Nd4 Ne5 25. Rg3 Rxc5 26. Nf5 Nc4 27. Rh2 Re5 28. b3 Na3+ 29. Kb2 b4 30. Re3 Nb5 31. Rd2 Nc3 32. Rd4 Ra5 33. a4 bxa3+ $1 34. Ka1 Rc8 (34... Rc5 $15) 35. Rc4 $1 Rxc4 36. bxc4 Nd1 37. Rh3 Rc5 38. h6 Rc8 39. Rxa3 Nf2 40. Rxa6 Nxg4 41. Ra7 Rh8 42. Rxe7+ Kg6 43. Rg7+ Kh5 44. h7 Ne5 45. Kb2 Kg4 46. Kc3 Kf3 47. Kd4 Nc6+ 48. Kd5 Nb4+ 49. Ke6 Kxe4 50. Nxd6+ Kf3 51. Nf7 Rxh7 $18 52. Rxh7 g4 53. Kxf6 g3 54. Ne5+ Kf2 55. Nd3+ 1-0

[Event "2nd Kalyan Dombivali 2019"]
[Site "Kalyan"]
[Date "2019.02.01"]
[Round "6"]
[White "Nehete Akshay S"]
[Black "Borgaonkar Akshay"]
[Result "1-0"]
[ECO "E73"]
[WhiteElo "1788"]
[BlackElo "1534"]
[Annotator "NA RC"]
[PlyCount "72"]
[EventDate "2019.01.28"]
[EventType "swiss"]
[EventRounds "10"]
[EventCountry "IND"]
[SourceTitle "playchess.com"]
[Source "ChessBase"]
[SourceQuality "1"]
[TimeControl "5400+30"]

1. d4 Nf6 2. c4 g6 3. Nc3 Bg7 4. e4 d6 5. Be2 O-O 6. Bg5 Qe8 7. e5 Nfd7 8. Nd5 f6 9. Nxc7 Qd8 10. Ne6 Qb6 11. Nxf8 fxg5 12. Ne6 dxe5 13. Nxg7 Kxg7 14. dxe5 Qxb2 15. Nf3 Qc3+ 16. Nd2 Nxe5 17. O-O Nbc6 18. Ne4 Qa5 19. Nxg5 Nxc4 20. Bxc4 Qxg5 21. Rb1 Qf4 22. Qe2 Qf6 23. Rfe1 e6 24. Qe4 Kf7 25. Rb3 Ke7 26. Bd5 Nd4 27. Rb4 Nf5 28. Bxb7 Nd6 29. Qc6 Bd7 30. Qc5 Rf8 31. f3 Rd8 32. Rd1 Be8 33. f4 Qf5 34. Qc3 Ne4 35. Qc7+ Rd7 36. Rdd4 {[%emt 0:00:03] Rd6 Rxd6+} Nc3 1-0

[Event "2nd Kalyan Dombivali 2019"]
[Site "Kalyan"]
[Date "2019.02.01"]
[Round "6"]
[White "Kelaskar, Chinmay"]
[Black "Jadhav Jyotiraditya"]
[Result "1/2-1/2"]
[ECO "A08"]
[WhiteElo "1764"]
[BlackElo "1358"]
[Annotator "NA RC"]
[PlyCount "79"]
[EventDate "2019.01.28"]
[EventType "swiss"]
[EventRounds "10"]
[EventCountry "IND"]
[SourceTitle "playchess.com"]
[Source "ChessBase"]
[SourceQuality "1"]
[TimeControl "5400+30"]

1. Nf3 d5 2. g3 c5 3. Bg2 Nf6 4. O-O Nc6 5. d4 e6 6. b3 b6 7. Bb2 Be7 8. c4 Bb7 9. Nbd2 O-O 10. Re1 Rb8 11. a3 dxc4 12. Nxc4 cxd4 13. Nxd4 Nxd4 14. Qxd4 Bxg2 15. Kxg2 Qxd4 16. Bxd4 Rfd8 17. e3 Rbc8 18. Rec1 Nd7 19. b4 f6 20. f4 Rc7 21. Rc3 Rdc8 22. Rac1 b5 23. Na5 Rxc3 24. Rxc3 Rxc3 25. Bxc3 Bd8 26. Nc6 Bb6 27. Bd4 a6 28. Kf3 Bxd4 29. exd4 Kf7 30. g4 Nb6 31. Nb8 Nc4 32. Nxa6 Nxa3 33. Ke4 Ke7 34. f5 exf5+ 35. gxf5 Kd6 36. Nc5 g5 37. d5 h5 38. Nb7+ Kc7 39. Nc5 Kd6 40. Nb7+ {[%emt 0:05:07] Ke5+} 1/2-1/2

[Event "2nd Kalyan Dombivali 2019"]
[Site "Kalyan"]
[Date "2019.02.01"]
[Round "6"]
[White "Shreyas Ghadi"]
[Black "Arvind, Ramnath Iyer"]
[Result "1/2-1/2"]
[ECO "E42"]
[WhiteElo "1653"]
[BlackElo "1567"]
[Annotator "NA RC"]
[PlyCount "120"]
[EventDate "2019.01.28"]
[EventType "swiss"]
[EventRounds "10"]
[EventCountry "IND"]
[SourceTitle "playchess.com"]
[Source "ChessBase"]
[SourceQuality "1"]
[TimeControl "5400+30"]

1. d4 Nf6 2. c4 e6 3. Nc3 Bb4 4. e3 c5 5. Nge2 cxd4 6. exd4 d5 7. a3 Bxc3+ 8. Nxc3 Nc6 9. c5 h6 10. Bf4 a6 11. Bd6 Ne7 12. Na4 Nd7 13. Bd3 O-O 14. Bc2 Re8 15. Qd3 f5 16. O-O-O b5 17. Nc3 Nc6 18. h4 b4 19. Na4 Nf6 20. Nb6 Ra7 21. f3 bxa3 22. bxa3 Nd7 23. g4 Nxb6 24. cxb6 Rf7 25. Bc5 Na5 26. Rde1 Nc4 27. gxf5 exf5 28. Rxe8+ Qxe8 29. Bb3 Bb7 30. Rf1 Qe3+ 31. Qxe3 Nxe3 32. Re1 f4 33. Bd6 g5 34. hxg5 hxg5 35. Rg1 Rg7 36. Be5 Rg6 37. Bxf4 Rxb6 38. Ba2 Nc4 39. Rxg5+ Kf7 40. Bxc4 dxc4 41. d5 Rb5 42. d6 Rxg5 43. Bxg5 Ke6 44. Bf4 Bxf3 45. Kc2 Be2 46. Kc3 Kd7 47. Kb4 Kc6 48. a4 Bf1 49. Kc3 Be2 50. Kd4 Kd7 51. a5 Bf1 52. Kc5 c3 53. Kd4 c2 54. Kc3 c1=Q+ 55. Bxc1 Kxd6 56. Kb4 Bb5 57. Be3 Kd5 58. Bb6 Kc6 59. Bd8 Kd7 60. Bb6 Kc6 1/2-1/2

[Event "2nd Kalyan Dombivali 2019"]
[Site "Kalyan"]
[Date "2019.02.01"]
[Round "6"]
[White "Chhabra Aakash"]
[Black "Soni Deepak R"]
[Result "1/2-1/2"]
[ECO "A45"]
[WhiteElo "1619"]
[BlackElo "1425"]
[Annotator "NA RC"]
[PlyCount "52"]
[EventDate "2019.01.28"]
[EventType "swiss"]
[EventRounds "10"]
[EventCountry "IND"]
[SourceTitle "playchess.com"]
[Source "ChessBase"]
[SourceQuality "1"]
[TimeControl "5400+30"]

1. d4 Nf6 2. Bg5 e6 3. e4 h6 4. Bxf6 Qxf6 5. c3 d6 6. Bd3 c6 7. Ne2 e5 8. Nd2 g5 9. Qb3 Bg7 10. O-O-O Nd7 11. g3 b5 12. f4 Qe7 13. Nf3 a5 14. Rhf1 Ba6 15. dxe5 dxe5 16. fxe5 Nc5 17. Qc2 Nxd3+ 18. Qxd3 b4 19. c4 O-O 20. Ned4 Qc5 21. b3 Rad8 22. g4 Bxe5 23. Nxe5 Qxe5 24. Nxc6 Qa1+ 25. Qb1 Qc3+ 26. Qc2 Qa1+ 1/2-1/2

[Event "2nd Kalyan Dombivali 2019"]
[Site "Kalyan"]
[Date "2019.02.01"]
[Round "6"]
[White "Akshit Jha"]
[Black "Agarwal Shyam"]
[Result "1/2-1/2"]
[ECO "C54"]
[WhiteElo "1604"]
[BlackElo "1409"]
[Annotator "NA RC"]
[PlyCount "93"]
[EventDate "2019.01.28"]
[EventType "swiss"]
[EventRounds "10"]
[EventCountry "IND"]
[SourceTitle "playchess.com"]
[Source "ChessBase"]
[SourceQuality "1"]
[TimeControl "5400+30"]

1. e4 e5 2. Nf3 Nc6 3. Bc4 Bc5 4. c3 Nf6 5. d3 O-O 6. Bg5 Be7 7. Nbd2 d6 8. Nf1 h6 9. Bxf6 Bxf6 10. Ne3 Be6 11. g4 Ne7 12. Bxe6 fxe6 13. Qb3 Qd7 14. h4 Ng6 15. h5 Nf4 16. O-O-O c6 17. Qc2 Qe7 18. d4 exd4 19. Nxd4 c5 20. Ne2 Bg5 21. Kb1 Nxe2 22. Qxe2 Rad8 23. Rhf1 d5 24. Ng2 dxe4 25. Rxd8 Qxd8 26. Qxe4 Qd5 27. Qxd5 exd5 28. f4 Bf6 29. Kc2 Re8 30. Kd3 c4+ 31. Kd2 d4 32. Re1 Kf7 33. Rxe8 Kxe8 34. cxd4 Bxd4 35. b3 cxb3 36. axb3 Ke7 37. Kd3 Bf6 38. Ne3 Kd6 39. Kc4 Kc6 40. Kd3 b5 41. b4 Kd6 42. g5 hxg5 43. fxg5 Bxg5 44. Nf5+ Kc6 45. Nxg7 Kb6 46. Ne6 Bh6 47. Ke4 1/2-1/2

[Event "2nd Kalyan Dombivali 2019"]
[Site "Kalyan"]
[Date "2019.02.01"]
[Round "6"]
[White "Govind Prabhu Mah"]
[Black "Ahmed, Feroz"]
[Result "0-1"]
[ECO "C65"]
[WhiteElo "1601"]
[BlackElo "1919"]
[Annotator "NA RC"]
[PlyCount "63"]
[EventDate "2019.01.28"]
[EventType "swiss"]
[EventRounds "10"]
[EventCountry "IND"]
[SourceTitle "playchess.com"]
[Source "ChessBase"]
[SourceQuality "1"]
[TimeControl "5400+30"]

1. e4 e5 2. Nf3 Nc6 3. Bb5 Nf6 4. d3 Bc5 5. h3 a6 6. Ba4 (6. Bxc6 $5 dxc6 7. O-O $11) 6... b5 7. Bb3 d5 8. Qe2 dxe4 9. dxe4 Bb7 10. c3 Na5 11. Bc2 $1 Bd6 12. Nbd2 Qd7 13. b4 Nc6 (13... Qc6 $1 $11 14. Bb2 Nc4 15. Nxc4 bxc4) 14. a4 Nd8 ({Better is} 14... Ne7 $14) 15. Nb3 Ne6 16. Na5 Bc8 17. axb5 axb5 18. Bd3 (18. O-O $5 ) 18... Rb8 19. Nb3 O-O 20. O-O Re8 21. Ra5 c6 22. Rd1 Qe7 23. g3 Nf8 24. Qf1 h6 25. Be3 g5 (25... Qc7 $11) 26. Nh2 (26. Ra7 $16 Bd7 27. Na5) 26... Ng6 27. Bc2 Kg7 (27... Rd8 $14) 28. Bc5 ({Better is} 28. Ra7 $16 Rb7 29. Na5 Rxa7 30. Nxc6 {[%mdl 64] Double Attack}) 28... Rd8 {[%emt 0:01:01] [#]} (28... Bxc5 $14 29. Nxc5 Be6) 29. Ra7 $1 Qf8 {[%emt 0:01:38] [#]} 30. Qd3 $2 (30. Bxd6 $1 $16 {and life is bright.} Rxd6 31. Nc5) 30... Bxc5 31. Qf1 (31. Qxd8 $142 Qxd8 32. Nxc5) 31... Bd6 32. Nc5 $19 (32. Na5 $142 Rd7 33. Rxd7 Bxd7 34. Qd3) 0-1

[Event "2nd Kalyan Dombivali 2019"]
[Site "Kalyan"]
[Date "2019.02.01"]
[Round "6"]
[White "Pingale Shivraj"]
[Black "Bhat Sanjay"]
[Result "1/2-1/2"]
[ECO "C29"]
[WhiteElo "1580"]
[BlackElo "1597"]
[Annotator "NA RC"]
[PlyCount "50"]
[EventDate "2019.01.28"]
[EventType "swiss"]
[EventRounds "10"]
[EventCountry "IND"]
[SourceTitle "playchess.com"]
[Source "ChessBase"]
[SourceQuality "1"]
[TimeControl "5400+30"]

1. e4 e5 2. Nc3 Nf6 3. f4 d5 4. fxe5 Nxe4 5. d3 Nxc3 6. bxc3 Be7 7. Nf3 c5 8. d4 O-O 9. Be2 f6 10. O-O Nc6 11. Bf4 c4 12. Qe1 Bf5 13. Qg3 Kh8 14. Rac1 Qa5 15. Nh4 Be4 16. exf6 Bxf6 17. Bd6 Be7 18. Bxe7 Nxe7 19. Rfe1 Ng8 20. Bxc4 Nf6 21. Qh3 Rfe8 22. Bf1 Qa4 23. a3 Qxa3 24. Ra1 Qa2 25. Re2 Qxc2 1/2-1/2

[Event "2nd Kalyan Dombivali 2019"]
[Site "Kalyan"]
[Date "2019.02.01"]
[Round "6"]
[White "Lund Rachit"]
[Black "Sparsh Khandelwal"]
[Result "1-0"]
[ECO "B27"]
[WhiteElo "1572"]
[BlackElo "1823"]
[Annotator "NA RC"]
[PlyCount "63"]
[EventDate "2019.01.28"]
[EventType "swiss"]
[EventRounds "10"]
[EventCountry "IND"]
[SourceTitle "playchess.com"]
[Source "ChessBase"]
[SourceQuality "1"]
[TimeControl "5400+30"]

1. e4 c5 2. Nf3 g6 3. d4 cxd4 4. Qxd4 Nf6 5. Nc3 Nc6 6. Qd1 Bg7 7. Bc4 O-O 8. O-O d6 9. h3 a6 10. a4 Na5 11. Ba2 Nd7 12. Be3 Nc5 13. Bd4 Bxd4 14. Nxd4 Nc6 15. Nxc6 bxc6 16. b4 Ne6 17. a5 Rb8 18. Rb1 c5 19. Nd5 Bb7 (19... cxb4 $11 {remains equal.} 20. Nb6 Nf4) 20. c3 Nc7 21. Re1 Nb5 22. Qd2 Bxd5 23. exd5 Re8 24. Re4 Qc7 25. Rh4 e5 (25... cxb4 $1 $14 26. Qh6 (26. Rbxb4 Qxc3 27. Qh6 Qh8 $15) 26... Qxc3) 26. bxc5 Qxa5 $2 (26... h5) 27. Qh6 Qxa2 {[%emt 0:00:05] [#]} 28. Rxb5 $1 axb5 29. Qxh7+ Kf8 30. cxd6 f6 31. Qh8+ Kf7 32. Rh7# {[%emt 0:00:02] Ra8} 1-0

[Event "2nd Kalyan Dombivali 2019"]
[Site "Kalyan"]
[Date "2019.02.01"]
[Round "6"]
[White "Kasar Prashant"]
[Black "Subramanian, R M"]
[Result "0-1"]
[ECO "C67"]
[WhiteElo "1495"]
[BlackElo "1780"]
[Annotator "NA RC"]
[PlyCount "78"]
[EventDate "2019.01.28"]
[EventType "swiss"]
[EventRounds "10"]
[EventCountry "IND"]
[SourceTitle "playchess.com"]
[Source "ChessBase"]
[SourceQuality "1"]
[TimeControl "5400+30"]

1. e4 e5 2. Nf3 Nc6 3. Bb5 Nf6 4. O-O Nxe4 5. d4 Nd6 6. Bxc6 dxc6 7. dxe5 Nf5 8. Nc3 Qxd1 9. Rxd1 Bd7 10. Ng5 h6 11. Nge4 O-O-O 12. f4 h5 13. Ng5 Bc5+ 14. Kf1 Be6 15. Nxe6 fxe6 16. Bd2 Be3 17. Ke2 Rxd2+ 18. Rxd2 Bxd2 19. Kxd2 Rd8+ 20. Ke1 Ne3 21. Ke2 Nxc2 22. Rd1 Nd4+ 23. Kf2 c5 24. Ne4 b6 25. h3 h4 26. Ng5 a5 27. a4 c6 28. Ne4 Kc7 29. Ng5 Rd5 30. Ne4 b5 31. axb5 cxb5 32. Nxc5 Rxc5 33. Rxd4 Rc2+ 34. Kf3 Rxb2 35. Rd6 a4 36. Rxe6 a3 37. Ra6 a2 38. f5 b4 39. e6 Rb3+ 0-1

[Event "2nd Kalyan Dombivali 2019"]
[Site "Kalyan"]
[Date "2019.02.01"]
[Round "6"]
[White "Kamble Dipankar"]
[Black "Javheri, Jaydev"]
[Result "1-0"]
[ECO "B21"]
[WhiteElo "1487"]
[BlackElo "1675"]
[Annotator "NA RC"]
[PlyCount "93"]
[EventDate "2019.01.28"]
[EventType "swiss"]
[EventRounds "10"]
[EventCountry "IND"]
[SourceTitle "playchess.com"]
[Source "ChessBase"]
[SourceQuality "1"]
[TimeControl "5400+30"]

1. e4 c5 2. d4 cxd4 3. c3 d6 4. Nf3 g6 5. Qxd4 Nf6 6. e5 dxe5 7. Qxd8+ Kxd8 8. Nxe5 Ke8 9. Bc4 e6 10. Bg5 Bg7 11. Na3 a6 12. O-O-O h6 13. Bh4 g5 14. Bg3 Ne4 15. Rhe1 Nxg3 16. hxg3 Bxe5 17. Rxe5 Nc6 18. Re3 b5 19. Be2 Ke7 20. Red3 Ra7 21. Rd6 Ne5 22. Nc2 Rd7 23. Rxd7+ Nxd7 24. Nb4 Nb8 25. Bf3 f5 26. g4 f4 27. Nd3 Nd7 28. Re1 Kf6 29. Kc2 Rd8 30. Rh1 Kg7 31. a4 bxa4 32. Ra1 Nb6 33. Nc5 Rd6 34. Nxa4 Nxa4 35. Rxa4 Bd7 36. Rc4 Bb5 37. Rc7+ Kf6 38. c4 Be8 39. c5 Bg6+ 40. Kc1 Rd4 41. c6 e5 42. Be2 Be4 43. f3 Bd5 44. Rh7 Kg6 45. c7 Bb7 46. Rh8 Ra4 47. Rb8 1-0

[Event "2nd Kalyan Dombivali 2019"]
[Site "Kalyan"]
[Date "2019.02.01"]
[Round "6"]
[White "Balkawade Sai"]
[Black "Ankur Mahesh Gokhale"]
[Result "0-1"]
[ECO "A52"]
[WhiteElo "1482"]
[BlackElo "1628"]
[Annotator "NA RC"]
[PlyCount "108"]
[EventDate "2019.01.28"]
[EventType "swiss"]
[EventRounds "10"]
[EventCountry "IND"]
[SourceTitle "playchess.com"]
[Source "ChessBase"]
[SourceQuality "1"]
[TimeControl "5400+30"]

1. d4 Nf6 2. c4 e5 3. dxe5 Ng4 4. Nf3 Bc5 5. e3 Nc6 6. Be2 O-O 7. O-O Re8 8. Nc3 Ngxe5 9. Nxe5 Nxe5 10. b3 a5 11. Bb2 Ra6 12. Qd5 Ba7 13. c5 Rh6 14. f4 Qh4 15. fxe5 Qxh2+ 16. Kf2 Rxe5 17. Rh1 Rxd5 18. Rxh2 Rf5+ 19. Kg1 Bxc5 20. Nd1 Rxh2 21. Kxh2 b6 22. Rc1 Bb7 23. a3 Rg5 24. g4 h5 25. Kh3 hxg4+ 26. Bxg4 f5 27. Be2 Bg2+ 28. Kh2 Bd6+ 29. Kg1 Bd5+ 30. Kf2 Bxb3 31. Bc4+ Bxc4 32. Rxc4 Rh5 33. a4 Kf7 34. Kf3 Rh3+ 35. Kg2 Rh2+ 36. Kf3 Rd2 37. Rd4 Rh2 38. e4 Rh3+ 39. Kg2 Rg3+ 40. Kf1 Ke6 41. exf5+ Kxf5 42. Rc4 Bc5 43. Bc1 g5 44. Bd2 d5 45. Rc2 d4 46. Nf2 Rf3 47. Kg2 g4 48. Rc4 Ra3 49. Bxa5 g3 50. Nh1 Kg4 51. Be1 Ra2+ 52. Kg1 Kf3 53. Bxg3 d3+ 54. Kf1 Ra1+ 0-1